 Dungeon Crawl Stone Soup version 0.24.0-28-g17ded55e90 (webtiles) character file.

Game seed: 7293549563257290029, levelgen mode: deterministic

8480 PentaManta the Nimble (level 11, -3/57 HPs)
             Began as a Kobold Assassin on Nov 11, 2019.
             Was a Follower of Uskayaw.
             Slain by a vampire (11 damage)
             ... on level 10 of the Dungeon.
             The game lasted 00:53:31 (14314 turns).

PentaManta the Nimble (Kobold Assassin)            Turns: 14314, Time: 00:53:32

Health: -3/57      AC:  8    Str:  9    XL:     11   Next: 56%
Magic:  11/11      EV: 33    Int: 15    God:    Uskayaw [*.....]
Gold:   425        SH:  0    Dex: 20    Spells: 10/10 levels left

rFire    + + .     SeeInvis .   t - +0 rapier
rCold    + . .     Gourm    .   (shield restricted)
rNeg     + . .     Faith    .   r - +1 robe {rN+}
rPois    +         Spirit   .   (no helmet)
rElec    +         Reflect  +   c - +0 cloak
rCorr    +         Harm     .   I - +2 pair of gloves "Iluxkot" {rF+ Int+3}
MR       .....                  A - +0 pair of boots
Stlth    ++........             y - +3 amulet of reflection
HPRegen  0.19/turn              o - +5 ring of evasion
MPRegen  0.12/turn              (no ring)

@: confused, resistant, hasted, very quick
A: small, carnivore
a: Stomp, Renounce Religion


You were on level 10 of the Dungeon.
You worshipped Uskayaw.
Uskayaw was noncommittal.
You were hungry.

You visited 2 branches of the dungeon, and saw 12 of its levels.
You also visited: Ossuary.

You collected 474 gold pieces.
You spent 49 gold pieces at shops.

Inventory:

Hand Weapons
 a - a +3 dagger
 t - a +0 rapier (weapon)
 J - a +0 dagger of venom
Missiles
 d - 49 poisoned darts (quivered)
 e - a curare-tipped dart
 i - a throwing net
Armour
 c - a +0 cloak (worn)
 r - a +1 robe of positive energy (worn)
 A - a +0 pair of boots (worn)
 B - a +2 scale mail of fire resistance
 G - a scarf of cloud immunity
 I - the +2 pair of gloves "Iluxkot" (worn) {rF+ Int+3}
   (You found it on level 9 of the Dungeon)

   It affects your intelligence (+3).
   It protects you from fire.
Jewellery
 o - a +5 ring of evasion (left hand)
 y - a +3 amulet of reflection (around neck)
Wands
 b - a wand of iceblast (7)
 q - a wand of flame (6)
 s - a wand of disintegration (40)
 w - a wand of digging (5)
 z - a wand of enslavement (8)
 F - a wand of paralysis (2)
Scrolls
 g - 5 scrolls of teleportation
 l - 3 scrolls of blinking
 m - a scroll of magic mapping
 p - 7 scrolls of remove curse
 v - 3 scrolls of amnesia
 C - a scroll of enchant armour {unknown}
Potions
 h - 3 potions of agility
 k - 6 potions of brilliance
 n - a potion of haste
 u - 6 potions of mutation {unknown}
 x - 4 potions of might {unknown}
 D - 2 potions of flight {unknown}
 H - 2 potions of curing {unknown}
Miscellaneous
 E - a phial of floods
Comestibles
 f - 18 rations


   Skills:
 - Level 2.1 Fighting
 + Level 11.4 Short Blades
 - Level 2.1 Throwing
 * Level 14.0 Dodging
 + Level 12.9 Stealth


You had 10 spell levels left.
You didn't know any spells.
Your spell library was empty.

Dungeon Overview and Level Annotations

Branches:
Dungeon (11/15)            Temple (1/1) D:6             Orc (0/2) D:9
Ossuary (visited)
   Lair: D:8-11

Altars:
Ashenzari
Cheibriados
Dithmenos
Elyvilon
Fedhas
Gozag
Hepliaklqana
Kikubaaqudgha
Makhleb
Nemelex Xobeh
Okawaru
Qazlal
Ru
Sif Muna
Trog
Uskayaw
Vehumet
Wu Jian
Xom
Yredelemnul
Zin
The Shining One

Shops:
D:5 [   D:6 =   D:9 =[(   D:10 ([=

Annotations:
D:4 exclusion: oklob plant
D:10 Erolcha


Innate Abilities, Weirdness & Mutations

You are small and have problems with some larger weapons.
You are carnivorous and can eat meat at any time.


Message History

The vampire casts a spell.
The vampire flickers and vanishes!
Deactivating autopickup; reactivate with Ctrl-A.
You bump into the rock wall.
You hear some strange, mumbled words.
You are more confused.
You're too confused to move!
Okay, then.
You're too confused to move!
You completely miss something.
Unholy energy fills the air.
* * * LOW HITPOINT WARNING * * *
You bump into the rock wall.
You bump into the rock wall.
Something completely misses you. Something misses you.
Okay, then.
You're too confused!
Okay, then.
You feel protected. Something hits you!
You die...

###..................#
..#..>...............#
..#..................#
..#.........#####....#
..#.........#...#....#
..#.........#...#....#
..#.....#'#'#...#...##
..#..#######...##...#
#######.#.##...#@...##
..#..#†#.#.....#.....#
..#..'#.#)##...#.....#
..####†#.#.#...#.....#
.....#######...#.....#
........#......#.....#
######..#......#.....#
#..#......#∩....#
#..#......#.....#######


There were no monsters in sight!

Vanquished Creatures
  Erica (D:10)
  A two-headed ogre (D:9)
  A troll (D:10)
  4 hornets (D:10)
  A hippogriff (D:10)
  A wraith (D:10)
  4 yaks
  A soldier ant (D:10)
  A water moccasin (D:10)
  Duvessa (D:4)
  4 sky beasts
  4 orc warriors
  2 necrophages
  A phantom (D:9)
  4 ogres
  5 centaurs
  5 big kobolds
  3 bullfrogs
  Dowan (D:4)
  A wyvern skeleton (D:10)
  4 scorpions
  9 killer bees
  7 wights (D:10)
  5 howler monkeys
  5 crimson imps
  2 jellies
  A centaur skeleton (D:8)
  7 hounds
  3 orc priests
  2 bullfrog skeletons
  4 iguanas
  A gnoll shaman (D:5)
  7 orc wizards
  7 worker ants
  3 big kobold zombies (Ossuary)
  A hound skeleton (D:10)
  2 hound zombies (Ossuary)
  4 mummies (Ossuary)
  8 gnolls
  10 adders
  A howler monkey skeleton (D:10)
  3 shadow imps
  An adder zombie (D:10)
  2 worms (D:4)
  4 dart slugs
  2 leopard geckos
  30 orcs
  A ball python (D:2)
  8 bats
  2 giant cockroaches
  3 goblins
  7 hobgoblins
  12 jackals
  5 quokkas
  6 frilled lizards
  A gnoll zombie (Ossuary)
  2 goblin zombies (Ossuary)
  A jackal zombie (Ossuary)
  32 kobolds
  A leopard gecko skeleton (D:5)
  An orc zombie (Ossuary)
  2 quokka zombies
  10 rats
  2 rat zombies (Ossuary)
277 creatures vanquished.

Vanquished Creatures (others)
  An orc wizard (D:7)
  2 withered plants (D:9)
3 creatures vanquished.

Grand Total: 280 creatures vanquished

Notes
Turn   | Place    | Note
-------+----------+-------------------------------------------
     0 | D:1      | PentaManta the Kobold Assassin began the quest for the Orb.
     0 | D:1      | Reached XP level 1. HP: 12/12 MP: 1/1
    93 | D:1      | Reached XP level 2. HP: 13/17 MP: 2/2
   100 | D:1      | Reached skill level 2 in Dodging
   441 | D:1      | Reached XP level 3. HP: 20/21 MP: 3/3
  1059 | D:1      | Reached skill level 3 in Dodging
  1233 | D:2      | Reached XP level 4. HP: 18/26 MP: 4/4
  1742 | D:2      | Found a sacrificial altar of Ru.
  1879 | D:2      | Reached XP level 5. HP: 30/30 MP: 5/5
  2126 | D:3      | Reached skill level 4 in Dodging
  2183 | D:3      | HP: 1/30 [orc wizard/magic dart (9)]
  2715 | D:3      | Reached XP level 6. HP: 32/35 MP: 6/6
  2835 | D:3      | Reached skill level 5 in Dodging
  3327 | D:3      | Reached skill level 5 in Short Blades
  3662 | D:3      | Reached XP level 7. HP: 25/40 MP: 7/7
  4013 | D:4      | Noticed Dowan
  4016 | D:4      | Noticed Duvessa
  4394 | D:4      | Reached skill level 6 in Dodging
  4420 | D:4      | Killed Duvessa
  4423 | D:4      | Killed Dowan
  4785 | D:4      | Reached skill level 7 in Dodging
  4785 | D:4      | Reached XP level 8. HP: 35/44 MP: 8/8
  5249 | D:4      | Found a blossoming altar of Fedhas.
  5274 | D:4      | Noticed an oklob plant
  5342 | D:5      | Entered Level 5 of the Dungeon
  5593 | D:5      | Reached skill level 8 in Dodging
  5700 | D:5      | Found Loycina's Armour Shoppe.
  6540 | D:6      | Reached XP level 9. HP: 40/48 MP: 9/9
  6566 | D:6      | Found Viusecse's Jewellery Emporium.
  6616 | D:6      | Reached skill level 9 in Dodging
  6641 | D:6      | Found a staircase to the Ecumenical Temple.
  6646 | Temple   | Entered the Ecumenical Temple
  6763 | Temple   | Became a worshipper of Uskayaw the Reveler
  6840 | D:6      | Reached * piety under Uskayaw
  6932 | D:6      | Reached ** piety under Uskayaw
  7172 | D:6      | Reached *** piety under Uskayaw
  7436 | D:5      | Bought a +0 pair of gloves for 49 gold pieces
  7653 | D:7      | Found a sand-covered staircase.
  7664 | Ossuary  | Entered an ossuary
  7726 | Ossuary  | Reached **** piety under Uskayaw
  7824 | Ossuary  | Reached skill level 10 in Dodging
  8216 | D:7      | HP: 1/48 [orc priest/divine providence (13)]
  8226 | D:7      | Reached skill level 10 in Stealth
  9273 | D:8      | Reached skill level 11 in Dodging
  9273 | D:8      | Reached XP level 10. HP: 53/53 MP: 10/10
 10480 | D:9      | Found Dagica's Jewellery Emporium.
 10608 | D:9      | Reached skill level 12 in Dodging
 10675 | D:9      | Found Jeisudan's Armour Emporium.
 10677 | D:9      | Found a staircase to the Orcish Mines.
 11076 | D:9      | Found Diraas's Weapon Emporium.
 11279 | D:9      | Found an ancient bone altar of Kikubaaqudgha.
 11555 | D:9      | Noticed a two-headed ogre
 11610 | D:9      | Killed a two-headed ogre
 11610 | D:9      | Reached skill level 10 in Short Blades
 11963 | D:10     | Entered Level 10 of the Dungeon
 12246 | D:9      | Got a pair of translucent gloves
 12257 | D:9      | Identified the +2 pair of gloves "Iluxkot" {rF+ Int+3} (You
                  | found it on level 9 of the Dungeon)
 12432 | D:10     | Reached XP level 11. HP: 57/57 MP: 11/11
 12846 | D:10     | Found Vahaun's Weapon Shoppe.
 12870 | D:10     | Reached skill level 13 in Dodging
 13235 | D:10     | Noticed Erica
 13237 | D:10     | Killed Erica
 13243 | D:10     | You fall into a shaft and drop 1 floor!
 13662 | D:10     | Found Rewaituu's Jewellery Boutique.
 13890 | D:10     | Reached skill level 14 in Dodging
 13899 | D:10     | Reached ***** piety under Uskayaw
 14017 | D:10     | Found Oduomnoa's Antique Armour Shop.
 14111 | D:10     | Noticed Erolcha
 14314 | D:10     | Slain by a vampire

Levels and vault maps discovered:
D:1:      minmay_arrival_loop, layout_loops_cross, minivault_23,
          serial_bayou_ford_a
D:2:      layout_rooms, nicolae_ru_path_of_blood
D:3:      layout_basic, first_ration, minmay_ruptured
D:4:      layout_loops_corners, minmay_misc_feat_square, st_stairs_3,
          tgw_fedhas, uniq_duvessa
D:5:      layout_rooms, serial_shops, shop
D:6:      layout_rooms, temple_doors_cd, serial_shops, kennysheep_mini_moat
D:7:      layout_basic, nicolae_ossuary_entry_plus, grunt_decor_fettered
D:8:      layout_loops_cross
D:9:      layout_loops_ring, kiku_gazebo_garden_becter, orc_david_3,
          serial_shops, nicolae_shop_statue_plus
D:10:     layout_irregular_city, serial_shops, shop, nicolae_shop_stone, shop,
          hangedman_pestilent_swarm, uniq_erica, uniq_erolcha
D:11:     lemuel_upstairs_altar, layout_long_grid, erik_lair_orcish_takeover,
          minmay_starry_boxes, uniq_josephine, uniq_harold, uniq_gastronok
Temple:   kilobyte_greek_temple

Skill      XL: |  1  2  3  4  5  6  7  8  9 10 11 |
---------------+----------------------------------+-----
Short Blades   | 3 4 5 7 8 10 11 | 11.4
Dodging        | 2 3 4 5 7 8 11 12 14 | 14.0
Stealth        | 6 7 9 10 12 | 12.9
Fighting       | |  2.1
Throwing       | |  2.1

Action                   |  1- 3 |  4- 6 |  7- 9 | 10-12 || total
-------------------------+-------+-------+-------+-------++-------
Melee: Dagger            |   105 |   239 |   370 |   162 ||   876
       Rapier            |       |       |   412 |   377 ||   789
       Short sword       |       |       |       |   133 ||   133
Throw: Dart              |       |     2 |    22 |    40 ||    64
       Throwing net      |       |       |     2 |     1 ||     3
Invok: Line Pass         |       |       |     3 |     1 ||     4
Evoke: Wand              |       |       |       |    19 ||    19
  Use: Potion            |       |     4 |     2 |     4 ||    10
       Scroll            |       |     5 |    10 |     2 ||    17
 Stab: Sleeping          |     8 |     8 |    26 |    20 ||    62
       Held in net/web   |       |       |     2 |     1 ||     3
       Distracted        |       |       |     1 |       ||     1
       Paralysed         |       |       |     7 |    12 ||    19
       Confused          |       |       |     2 |     1 ||     3
  Eat: Chunk             |       |    15 |    14 |     8 ||    37
       Ration            |       |       |       |     4 ||     4
Armor: Robe              |    18 |    27 |    40 |    18 ||   103
       Scale mail        |       |       |       |     3 ||     3
Dodge: Dodged            |    94 |   181 |   563 |   460 ||  1298
Block: Other             |       |       |    48 |    45 ||    93
       Reflection        |       |       |       |     2 ||     2
